 Dungeon Crawl Stone Soup version 0.29.1-1-gd02db6906a (webtiles) character file.

Game seed: 5354209494033039418

217 plokij the Covered (level 5, -2/47 HPs)
             Began as a Minotaur Fighter on Oct 20, 2022.
             Slain by a gnoll sergeant
             ... wielding a +0 spear
              (4 damage)
             ... on level 4 of the Dungeon.
             The game lasted 00:05:31 (3201 turns).

plokij the Covered (Minotaur Fighter)               Turns: 3201, Time: 00:05:33

Health: -2/47      AC: 10    Str: 21    XL:     5   Next: 61%
Magic:  4/4        EV:  8    Int:  5    God:
Gold:   165        SH:  5    Dex: 11    Spells: 4/4 levels left

rFire   . . .      SeeInvis .   a - +0 long sword
rCold   . . .      Faith    .   c - +0 buckler
rNeg    . . .      Spirit   .   n - +0 chain mail
rPois   .          Reflect  .   (helmet restricted)
rElec   .          Harm     .   (no cloak)
rCorr   .          Rampage  .   (no gloves)
Will    .....                   p - +0 pair of boots
Stlth   ..........              (no amulet)
HPRegen 0.15/turn               (no ring)
MPRegen 0.09/turn               (no ring)

@: no status effects
A: horns 2, retaliatory headbutt
a: no special abilities


You were on level 4 of the Dungeon.
You visited 1 branch of the dungeon, and saw 4 of its levels.

You collected 165 gold pieces.

Inventory:

Hand Weapons
 a - a +0 long sword (weapon)
Armour
 c - a +0 buckler (worn)
 n - a +0 chain mail (worn)
 p - a +0 pair of boots (worn)
Magical Staves
 h - a staff of death
Jewellery
 j - a ring of ice
Wands
 u - a wand of charming (11)
Scrolls
 g - a scroll of teleportation {unknown}
 k - 3 scrolls of identify {unknown}
 l - a scroll of butterflies {unknown}
 q - 2 scrolls of silence {unknown}
 r - a scroll of blinking {unknown}
 s - a scroll of noise {unknown}
 t - a scroll of enchant armour {unknown}
Potions
 b - a potion of berserk rage {unknown}
 d - a potion of might
 e - a potion of haste {unknown}
 f - 2 potions of curing {unknown}
 i - 3 potions of magic {unknown}
 m - a potion of resistance {unknown}
 o - a potion of ambrosia {unknown}


   Skills:
 + Level 4.4 Fighting
 * Level 4.5 Long Blades
 + Level 4.6 Armour
 + Level 2.0 Dodging
 + Level 4.5 Shields


You had 4 spell levels left.
You didn't know any spells.
Your spell library contained the following spells:

 Spells                   Type           Power      Damage    Failure   Level
 Ozocubu's Armour         Ice            0%         N/A       100%        3
 Metabolic Englaciation   Hex/Ice        0%         N/A       100%        5
 Simulacrum               Ice/Necr       0%         N/A       100%        6


Dungeon Overview and Level Annotations

Branches:
Dungeon (4/15)
 Temple: D:4-7

Altars:
Ashenzari
Elyvilon
Fedhas
Kikubaaqudgha
Qazlal


Innate Abilities, Weirdness & Mutations

You have a pair of horns on your head.
You reflexively headbutt those who attack you in melee.


Message History

Your Dodging skill increases to level 2!
You slash the gnoll!
The gnoll is severely wounded.
The gnoll misses you. You block the gnoll sergeant's attack.
The gnoll hits you with a +0 flail of protection.
The gnoll sergeant hits you from afar with a +0 spear.
You hit the gnoll.
You kill the gnoll!
The gnoll sergeant hits you from afar with a +0 spear!
You hit the gnoll.
The gnoll is moderately wounded.
You block the gnoll's attack.
The gnoll sergeant hits you from afar with a +0 spear.
* * * LOW HITPOINT WARNING * * *
You closely miss the gnoll. Your headbutt misses the gnoll.
The gnoll is moderately wounded.
You block the gnoll's attack.
The gnoll sergeant hits you from afar with a +0 spear!
* * * LOW HITPOINT WARNING * * *
You hit the gnoll.
The gnoll is heavily wounded.
The gnoll hits you but does no damage. The gnoll sergeant barely misses you.
You completely miss the gnoll.
The gnoll is heavily wounded.
You block the gnoll's attack.
The gnoll sergeant hits you but does no damage.
The gnoll hits you but does no damage. You block the gnoll sergeant's attack.
You slash the gnoll! You headbutt the gnoll.
You kill the gnoll!
The gnoll sergeant hits you from afar with a +0 spear.
* * * LOW HITPOINT WARNING * * *
You barely miss the gnoll. The gnoll hits you but does no damage.
You block the gnoll sergeant's attack.
You slash the gnoll!
The gnoll is heavily wounded.
You hear the rusting of a distant drain.
The gnoll hits you with a +0 club.
* * * LOW HITPOINT WARNING * * *
The gnoll sergeant hits you from afar with a +0 spear.
You die...

≈≈.#.......## ##.##
≈≈.##.....## ≈≈≈≈
≈≈.###...## ≈≈##≈ ≈≈.#
##'## #≈###### # ...#
#.# #≈≈#.?.# .[)##
#.####≈≈#...#
....###.....≈≈#..g
###.##...###≈###g##
#.#....†.#≈##≈@≈##≈#
.##.##...#.#≈≈≈≈.≈≈≈≈#
.##.###.##.......#####
........##########
#########


You could see a gnoll sergeant and a gnoll.

Vanquished Creatures
  A howler monkey (D:4)
  A hound (D:4)
  4 gnolls (D:4)
  3 adders
  2 worms
  A dart slug (D:4)
  An orc (D:4)
  6 ball pythons
  10 endoplasms
  A giant cockroach (D:4)
  7 hobgoblins
  11 kobolds
  3 quokkas
  7 bats
  2 frilled lizards (D:2)
  10 goblins
  5 rats
75 creatures vanquished.

Notes
Turn   | Place    | Note
-------+----------+-------------------------------------------
     0 | D:1      | plokij the Minotaur Fighter began the quest for the Orb.
     0 | D:1      | Reached XP level 1. HP: 19/19 MP: 0/0
   278 | D:1      | Found a faded altar of an unknown god.
   361 | D:1      | Reached XP level 2. HP: 27/27 MP: 1/1
   769 | D:2      | Reached XP level 3. HP: 8/33 MP: 2/2
   773 | D:2      | Reached skill level 1 in Dodging
  1799 | D:3      | Found a stormy altar of Qazlal.
  1848 | D:3      | Reached XP level 4. HP: 39/40 MP: 3/3
  1965 | D:3      | Found an ancient bone altar of Kikubaaqudgha.
  2072 | D:3      | Found a broken altar of Ashenzari.
  2713 | D:3      | Found a white marble altar of Elyvilon.
  2927 | D:4      | Reached XP level 5. HP: 35/46 MP: 4/4
  3070 | D:4      | Found a blossoming altar of Fedhas.
  3201 | D:4      | HP: 2/47 [gnoll/+0 club[a gnoll sergeant] (1)]
  3201 | D:4      | Slain by a gnoll sergeant

Illustrated notes

Levels and vault maps discovered:
D:1:      lightli_arrival_windingriver, layout_rooms,
          chequers_ecumenical_altar_grove, minmay_misc_feat_rugged
D:2:      layout_basic, minmay_domino_4
D:3:      layout_basic, nicolae_ashenzari_skybound,
          mainiacjoe_overflow_tiny_flanked, mainiacjoe_overflow_small_starburst,
          nicolae_overflow_crystal_walls
D:4:      layout_loops_corners, riverfiend_overflow_shadow_ancestor,
          general_overflow_altar, lightli_sewer_entry_pipes, lightli_minifort,
          uniq_crazy_yiuf_cottage

Skill      XL: |  1  2  3  4  5 |
---------------+----------------+-----
Long Blades    | 3 4 |  4.5
Armour         | 4 |  4.6
Fighting       | 4 |  4.4
Dodging        | 1 2 |  2.0
Shields        | 4 |  4.5

Action                   |  1- 3 |  4- 6 || total
-------------------------+-------+-------++-------
Melee: Long sword        |   100 |    93 ||   193
       Headbutt          |    10 |    14 ||    24
Armor: Scale mail        |    45 |       ||    45
       Chain mail        |    20 |    59 ||    79
Dodge: Dodged            |    57 |    43 ||   100
Block: Buckler           |    27 |    25 ||    52
